 Dungeon Crawl Stone Soup version 0.27-a0-594-g2aaa8dbbc2 (webtiles) character file.

Game seed: 16314085371325140192

9838 ReteAZ the Nimble (level 11, -4/63 HPs)
             Began as a Deep Elf Fire Elementalist on Mar 11, 2021.
             Was an Elder of Nemelex Xobeh.
             Slain by a wraith (7 damage)
             ... on level 11 of the Dungeon.
             The game lasted 00:27:35 (13820 turns).

ReteAZ the Nimble (Deep Elf Fire Elementalist)     Turns: 13820, Time: 00:27:35

Health: -4/63      AC:  6    Str:  5    XL:     11   Next: 28%
Magic:  11/26      EV: 18    Int: 22    God:    Nemelex Xobeh [****..]
Gold:   582        SH:  0    Dex: 17    Spells: 13/29 levels left

rFire    . . .     SeeInvis .   s - +3 great sword (freeze)
rCold    . . .     Faith    .   (shield currently unavailable)
rNeg     . . .     Spirit   .   L - +0 steam dragon scales
rPois    .         Reflect  .   (no helmet)
rElec    .         Harm     .   (no cloak)
rCorr    .         Rampage  .   l - +0 pair of gloves
Will     +....                  (no boots)
Stlth    ++........             (no amulet)
HPRegen  0.20/turn              (no ring)
MPRegen  0.20/turn              (no ring)

@: no status effects
A: no striking features
a: Renounce Religion, Draw Escape, Draw Destruction, Draw Summoning, Triple
Draw, Deal Four


You were on level 11 of the Dungeon.
You worshipped Nemelex Xobeh.
Nemelex Xobeh was greatly pleased with you.
You visited 1 branch of the dungeon, and saw 11 of its levels.

You collected 582 gold pieces.

Inventory:

Hand Weapons
 m - a +0 halberd
 p - a +3 spear
 r - a +1 dagger of freezing
 s - a +3 great sword of freezing (weapon)
 u - a +0 hand axe of freezing
 y - a +2 whip of electrocution
 A - a +2 whip of flaming
Missiles
 t - 49 poisoned darts
Armour
 a - a +0 kite shield
 l - a +0 pair of gloves (worn)
 G - a +1 leather armour of cold resistance
 J - a +0 robe of cold resistance
 L - +0 steam dragon scales (worn)
Wands
 n - a wand of charming (1)
 C - a wand of iceblast (2)
 E - a wand of mindburst (20)
Scrolls
 f - 4 scrolls of amnesia
 i - 9 scrolls of identify
 o - a scroll of immolation {unknown}
 q - 5 scrolls of teleportation
 w - 4 scrolls of enchant armour {unknown}
 B - a scroll of noise {unknown}
 D - 4 scrolls of enchant weapon {unknown}
 F - a scroll of fear {unknown}
 H - a scroll of magic mapping {unknown}
 I - 2 scrolls of blinking {unknown}
Potions
 b - 2 potions of curing
 c - a potion of attraction {unknown}
 d - 2 potions of magic {unknown}
 e - 3 potions of might {unknown}
 h - 3 potions of lignification {unknown}
 j - 3 potions of degeneration {unknown}
 k - 2 potions of flight {unknown}
 v - 3 potions of haste
 x - 2 potions of cancellation {unknown}
 z - 2 potions of berserk rage {unknown}
 K - 3 potions of resistance {unknown}


   Skills:
 - Level 5.0 Fighting
 - Level 10.0 Dodging
 - Level 2.4 Stealth
 + Level 9.9 Spellcasting
 - Level 4.0 Conjurations
 + Level 10.0 Fire Magic
 - Level 3.0 Air Magic
 - Level 7.0 Poison Magic
 - Level 5.0 Invocations


You had 13 spell levels left.
You knew the following spells:

 Your Spells              Type           Power      Damage    Failure   Level
a - Foxfire               Conj/Fire      100%       2x1d9     1%          1
c - Mephitic Cloud        Conj/Pois/Air  31%        N/A       2%          3
d - Ignite Poison         Fire/Tmut/Pois 35%        N/A       1%          3
e - Fireball              Conj/Fire      20%        3d10      10%         5
f - Olgreb's Toxic Radia  Pois           41%        N/A       3%          4

Your spell library contained the following spells:

 Spells                   Type           Power      Damage    Failure   Level
 Magic Dart               Conj           100%       1d8       1%          1
 Shock                    Conj/Air       100%       1d9       1%          1
 Sting                    Tmut/Pois      100%       1d8       1%          1
 Poisonous Vapours        Pois/Air       64%        N/A       1%          2
 Conjure Flame            Conj/Fire      41%        6-21      1%          3
 Swiftness                Air            24%        N/A       2%          2
 Inner Flame              Hex/Fire       33%        N/A       2%          3
 Sticky Flame             Conj/Fire      41%        2d6       3%          4
 Static Discharge         Conj/Air       26%        N/A       4%          3
 Animate Skeleton         Necr           20%        N/A       6%          1
 Freeze                   Ice            40%        1d6       6%          1
 Pain                     Necr           40%        1d6       6%          1
 Blink                    Tloc           N/A        N/A       10%         2
 Call Imp                 Summ           10%        N/A       10%         2
 Slow                     Hex            10%        N/A       10%         2
 Frozen Ramparts          Ice            20%        1d4       19%         3
 Ozocubu's Armour         Ice            10%        N/A       19%         3
 Vampiric Draining        Necr           5%         2d6       19%         3
 Airstrike                Air            12%        N/A       19%         4
 Hailstorm                Conj/Ice       19%        3d6       26%         4
 Lightning Bolt           Conj/Air       13%        1d26      38%         5
 Animate Dead             Necr           5%         N/A       52%         4
 Summon Ice Beast         Ice/Summ       10%        N/A       52%         4
 Agony                    Necr           10%        N/A       86%         5


Dungeon Overview and Level Annotations

Branches:
Dungeon (11/15)            Temple (0/1) D:4
   Lair: D:8-11         Orc: D:9-12

Altars:
Ashenzari
Cheibriados
Fedhas
Gozag
Hepliaklqana
Makhleb
Nemelex Xobeh
Sif Muna
Wu Jian
Xom
Zin
The Shining One

Shops:
D:7 [   D:10 (

Annotations:
D:4 1 runed translucent door, Crazy Yiuf


Message History

* * * LOW HITPOINT WARNING * * *
A cyclops comes into view.
Your Fire Magic skill increases to level 10!
Okay, then.
Unknown command.
Okay, then.
You draw a card...
You have drawn the Tomb.
Walls emerge from the floor!
The wyvern looks even sicker.
Your toxic aura wanes.
The wyvern completely misses you.
You feel better. The wyvern bites you.
* * * LOW HITPOINT WARNING * * *
The wyvern bites you but does no damage.
Aiming: Mindburst
Press: ? - help, Shift-Dir - straight line, f - wyvern
Aim: a wyvern (moderately wounded, very poisoned, chance to affect: 65%)
The wyvern struggles to resist.
The wyvern barely misses you.
You riposte.
You closely miss the wyvern.
The wyvern is moderately wounded.
Casting: Olgreb's Toxic Radiance (dangerous; 3% risk of failure)
Confirm with . or Enter, or press ? or * to list all spells.
You ignite the poison in your surroundings!
The wyvern seems to burn from within!!
You kill the wyvern!
Aiming: Charm
Press: ? - help, Shift-Dir - straight line, f - wraith
Aim: a wraith (chance to affect: 15%)
Okay, then.
Unknown command.
Okay, then.
Unknown command.
Okay, then.
Unknown command.
You draw a card...
You have drawn the Tomb.
Nothing appears to happen.
The wraith hits you.
* * * LOW HITPOINT WARNING * * *
You draw a card...
You have drawn the Cloud.
Clouds appear around you! The wraith hits you!
You die...
Your body disappears without a glow.

#.............
#..........?..
#.............
#.............
#............. #
#............. ####.
#.....(.......
.....C#####.............
......#@W§(............(
##################......
#..#### #..# # #..# #
#..#### #...... #######


You could see a wraith.

Vanquished Creatures
  2 two-headed ogres
  Nergalle (D:10)
  Pikel (D:5)
  A cyclops (D:11)
  Maggie (D:8)
  A troll (D:9)
  2 wyverns (D:11)
  A wraith (D:9)
  Grum (D:8)
  4 yaks
  Menkaure (D:6)
  2 water moccasins (D:11)
  2 ice beasts (D:10)
  2 sky beasts
  2 orc warriors
  3 black bears
  A necrophage (D:7)
  6 wolves
  5 ogres
  A lemure (D:5)
  A centaur (D:10)
  A kobold brigand (D:11)
  8 bullfrogs
  3 scorpions
  A water moccasin skeleton (D:10)
  19 killer bees
  7 wights
  6 electric eels (D:10)
  2 howler monkeys (D:4)
  2 bullfrog zombies
  2 jellies
  3 hounds
  3 quasits
  4 orc priests
  A bullfrog skeleton (D:8)
  2 iguanas (D:11)
  8 orc wizards
  4 worker ants
  A killer bee zombie (D:5)
  8 adders
  A gnoll (D:1)
  3 shadow imps
  3 white imps
  2 ufetubi (D:6)
  An ooze (D:2)
  A dart slug (D:2)
  3 worms
  3 leopard geckos
  33 orcs
  6 bats
  5 giant cockroaches
  12 goblins
  6 hobgoblins
  8 jackals
  A ball python (D:1)
  6 frilled lizards
  9 kobolds
  A leopard gecko skeleton (D:8)
  A leopard gecko zombie (D:6)
  A quokka skeleton (D:8)
  6 rats
238 creatures vanquished.

Vanquished Creatures (collateral kills)
  A wyvern skeleton (D:7)
  A killer bee (D:10)
2 creatures vanquished.

Vanquished Creatures (others)
  A killer bee (D:10)
  1184 foxfires
  9 plants (D:11)
1194 creatures vanquished.

Grand Total: 1434 creatures vanquished

Notes
Turn   | Place    | Note
-------+----------+-------------------------------------------
     0 | D:1      | ReteAZ the Deep Elf Fire Elementalist began the quest for
                  | the Orb.
     0 | D:1      | Reached XP level 1. HP: 10/10 MP: 6/6
    67 | D:1      | Reached XP level 2. HP: 10/15 MP: 1/8
  1085 | D:2      | Reached XP level 3. HP: 19/19 MP: 5/10
  1089 | D:2      | Learned a level 3 spell: Conjure Flame
  1341 | D:2      | Found a blossoming altar of Fedhas.
  2032 | D:3      | Reached XP level 4. HP: 24/24 MP: 9/11
  2215 | D:3      | Found a shimmering blue altar of Sif Muna.
  3150 | D:3      | Found an ornate altar of the Wu Jian Council.
  3158 | D:3      | Reached skill level 5 in Fire Magic
  3494 | D:3      | Found a burning altar of Makhleb.
  3495 | D:3      | Found a sparkling altar of Nemelex Xobeh.
  3577 | D:3      | Became a worshipper of Nemelex Xobeh the Trickster
  3664 | D:4      | Reached XP level 5. HP: 28/28 MP: 7/13
  3846 | D:4      | Found a glowing silver altar of Zin.
  3921 | D:4      | Reached skill level 5 in Spellcasting
  3921 | D:4      | Reached XP level 6. HP: 32/32 MP: 10/15
  4183 | D:4      | Found a staircase to the Ecumenical Temple.
  4218 | D:4      | Reached * piety under Nemelex Xobeh
  4428 | D:4      | Found a runed translucent door.
  4429 | D:4      | Noticed Crazy Yiuf
  4727 | D:5      | Entered Level 5 of the Dungeon
  4734 | D:5      | Found an opulent altar of Gozag.
  4918 | D:5      | Noticed Pikel
  5250 | D:5      | Reached skill level 1 in Invocations
  5250 | D:5      | Reached XP level 7. HP: 36/36 MP: 6/16
  5318 | D:5      | Learned a level 3 spell: Mephitic Cloud
  5427 | D:5      | Found a snail-covered altar of Cheibriados.
  5615 | D:5      | Reached skill level 1 in Air Magic
  5615 | D:5      | Reached skill level 1 in Poison Magic
  6019 | D:5      | Killed Pikel
  6020 | D:5      | Reached XP level 8. HP: 41/41 MP: 6/17
  6238 | D:6      | Received a gift from Nemelex Xobeh
  6309 | D:6      | Reached ** piety under Nemelex Xobeh
  6456 | D:6      | Found a shimmering altar of Xom.
  6513 | D:6      | Found a shimmering altar of Xom.
  6514 | D:6      | Found a shimmering altar of Xom.
  6681 | D:6      | Found a broken altar of Ashenzari.
  6688 | D:6      | Noticed Menkaure
  6696 | D:6      | Killed Menkaure
  6697 | D:6      | Reached skill level 5 in Invocations
  6701 | D:6      | Learned a level 3 spell: Ignite Poison
  6981 | D:6      | Found a glowing golden altar of the Shining One.
  7065 | D:6      | Reached skill level 5 in Poison Magic
  7677 | D:7      | Received a gift from Nemelex Xobeh
  7967 | D:7      | Reached *** piety under Nemelex Xobeh
  7996 | D:7      | Found Udwawk's Antique Armour Shoppe.
  8018 | D:7      | Reached skill level 1 in Fighting
  8022 | D:7      | Reached XP level 9. HP: 34/47 MP: 7/18
  8695 | D:8      | Noticed Maggie
  8716 | D:8      | Killed Maggie
  8717 | D:8      | Reached skill level 5 in Dodging
  9813 | D:8      | Noticed a two-headed ogre
  9900 | D:8      | Found a hazy altar of Hepliaklqana.
 10283 | D:7      | Reached skill level 5 in Fighting
 10283 | D:7      | Reached XP level 10. HP: 41/59 MP: 19/19
 10755 | D:8      | Noticed Grum
 10770 | D:8      | Killed Grum
 10814 | D:8      | Killed a two-headed ogre
 10815 | D:8      | Reached skill level 10 in Dodging
 10821 | D:8      | Learned a level 5 spell: Fireball
 11412 | D:9      | Received a gift from Nemelex Xobeh
 11867 | D:10     | Entered Level 10 of the Dungeon
 11876 | D:10     | Noticed a two-headed ogre
 11892 | D:10     | Killed a two-headed ogre
 12152 | D:10     | Found Isusaj's Weapon Shop.
 12172 | D:10     | Reached **** piety under Nemelex Xobeh
 12199 | D:10     | Received a gift from Nemelex Xobeh
 12574 | D:10     | Learned a level 4 spell: Olgreb's Toxic Radiance
 12998 | D:10     | Noticed Nergalle
 13060 | D:10     | Killed Nergalle
 13061 | D:10     | Reached XP level 11. HP: 61/63 MP: 14/25
 13808 | D:11     | HP: 1/63 [black bear (4)]
 13815 | D:11     | Reached skill level 10 in Fire Magic
 13819 | D:11     | HP: 3/63 [wraith (2)]
 13820 | D:11     | Slain by a wraith

Illustrated notes

Levels and vault maps discovered:
D:1:      minmay_arrival_checkered_box, layout_basic
D:2:      layout_rooms, fedhas_altar_1
D:3:      layout_loops_ring, lemuel_round_altar, lemuel_doored_altar,
          gammafunk_temple_overflow_statue
D:4:      layout_basic, kennysheep_mini, minmay_temple_entry_crystal_x,
          uniq_crazy_yiuf_cottage
D:5:      layout_rooms, nicolae_gozag_seed_capital, cheibriados_altar_1,
          serial_rivers, chequers_serial_rivers_small_3,
          chequers_serial_rivers_room_b, chequers_serial_rivers_micro_c,
          chequers_serial_rivers_micro_b, chequers_serial_rivers_micro_a,
          uniq_pikel
D:6:      layout_cave_pods, nicolae_overflow_hidden_temple,
          nicolae_tso_swordbearing_angel, xom_redecorated, uniq_menkaure
D:7:      layout_gridville, serial_shops, nicolae_shop_stone, minivault_11
D:8:      layout_gridville, overflow_temple_1_default, uniq_maggie, uniq_grum
D:9:      layout_basic
D:10:     layout_basic, serial_shops, nicolae_shop_statue_plus, uniq_nergalle
D:11:     layout_small_grid, minmay_lair_entry_grove, orc_0_dummy,
          gauntlet_entry_generic, uniq_psyche

Skill      XL: |  1  2  3  4  5  6  7  8  9 10 11 |
---------------+----------------------------------+-----
Fire Magic     | 4 5 6 7 9 10 | 10.0
Conjurations   | 2 3 4 |  4.0
Spellcasting   | 4 5 8 9 |  9.9
Invocations    | 1 4 5 |  5.0
Air Magic      | 2 3 |  3.0
Poison Magic   | 3 7 |  7.0
Dodging        | 3 8 10 | 10.0
Fighting       | 1 5 |  5.0
Stealth        | |  2.4

Action                   |  1- 3 |  4- 6 |  7- 9 | 10-12 || total
-------------------------+-------+-------+-------+-------++-------
Melee: Unarmed           |     1 |       |       |       ||     1
       Halberd           |       |    17 |       |       ||    17
       Spear             |       |    11 |       |       ||    11
       Whip              |       |       |    20 |    24 ||    44
       Great sword       |       |       |       |    11 ||    11
Throw: Dart              |       |       |     2 |       ||     2
 Cast: Foxfire           |    87 |   108 |   279 |   199 ||   673
       Conjure Flame     |       |     2 |     2 |     1 ||     5
       Mephitic Cloud    |       |       |    12 |     6 ||    18
       Ignite Poison     |       |       |     7 |    11 ||    18
       Olgreb's Toxic Ra |       |       |       |     6 ||     6
Invok: Draw Destruction  |       |       |     1 |       ||     1
       Draw Summoning    |       |       |     1 |       ||     1
       Draw Escape       |       |       |       |     3 ||     3
Evoke: Wand              |       |       |     5 |     4 ||     9
  Use: Potion            |       |       |     4 |     2 ||     6
       Scroll            |       |       |       |     3 ||     3
 Stab: Sleeping          |       |     1 |       |       ||     1
       Confused          |       |       |     2 |     1 ||     3
Armor: Robe              |     2 |    12 |     2 |       ||    16
       Steam dragon scal |       |       |     8 |    38 ||    46
Dodge: Dodged            |    10 |    31 |    72 |   157 ||   270
       Rpst.: Great sword |       |       |       |    22 ||    22

Table legend: (Time is in decaauts)
 A = Elapsed time spent in this place.
 B = Non-inter-level travel time spent in this place.
 C = Inter-level travel time spent in this place.
 D = Time resting spent in this place.
 E = Time spent auto-exploring this place.
 F = Levels seen in this place.
 G = Mean time per level.
                   A        B        C        D        E       F      G
               +--------+--------+--------+--------+--------+-----+--------+
         Total |  13864 |  13287 |    577 |   2318 |   9020 |  11 | 1260.4 |
       Dungeon |  13864 |  13287 |    577 |   2318 |   9020 |  11 | 1260.4 |
               +--------+--------+--------+--------+--------+-----+--------+

Top non-repeatable levels by time:
     D:8: 1924 daAuts
    D:10: 1843 daAuts
     D:7: 1759 daAuts
     D:2: 1365 daAuts
     D:5: 1337 daAuts
     D:4: 1264 daAuts
     D:3: 1173 daAuts
     D:1: 1101 daAuts
     D:6: 1065 daAuts
     D:9: 908 daAuts
    D:11: 123 daAuts
